AoeStats
← Fr4nn

Arabia

503045504Analyzed
2v2 RM · 1mo ago on Aug 30, 2026· 23m 10s· 4 players
Game mode
Random Map
Map size
Medium (4 player)
Population
200
Speed
Normal
Resources
Standard
Victory
Conquest
Starting age
Dark Age
Ending age
Imperial Age
RankedLock teamsTeams togetherTeam positionsShared explorationLock speedFull tech treeHidden civsTurbo modeCheats
Victory
Defeat
🇦🇷 Tupi · Argentina
979
+11
🇦🇷 Lithuanians · Argentina
789
+20
🇧🇪 Bohemians · Belgium
867
-41
🇧🇪 Britons · Belgium
867
-41
da
10:57 Feudal Age
13:12 Wheelbarrow
12:25 Double-Bit Axe
17:36 Horse Collar
Aegistarfish
9:42 Feudal Age
10:14 Horse Collar
10:21 Double-Bit Axe
15:14 Wheelbarrow
Fr4nn
10:02 Loom
12:01 Feudal Age
13:46 Town Watch
14:13 Horse Collar
14:40 Double-Bit Axe
15:14 Bloodlines
Exotic Pixel
8:13 Loom
10:33 Feudal Age
15:40 Castle Age
14:37 Double-Bit Axe
19:03 Fletching
20:20 Padded Archer Armor
21:47 Ballistics
21:38 Bodkin Arrow
23:44 Leather Archer Armor
Connection lost

Rejoining the realm…

Still unreachable

The connection could not be restored.

Session expired

The server has moved on; the page needs a fresh start.